 Dungeon Crawl Stone Soup version 0.31-a0-233-g139696dc86 (webtiles) character file.

Game seed: 5112960253127058521

520 qw the Skirmisher (level 7, -4/43 HPs)
             Began as a Gargoyle Hexslinger on July 9, 2023.
             Slain by an iguana (9 damage)
             ... on level 5 of the Dungeon.
             The game lasted 00:01:28 (3157 turns).

qw the Skirmisher (Gargoyle Hexslinger)             Turns: 3157, Time: 00:01:29

Health: -4/43      AC: 11    Str: 11    XL:     7   Next: 21%
Magic:  8/8        EV: 10    Int: 14    God:
Gold:   228        SH:  5    Dex: 14    Spells: 7/8 levels left

rFire   . . .        Y - +2 sling
rCold   . . .        (no shield)
rNeg    + . .        c - +0 ring mail
rPois   inf          (no helmet)
rElec   +            (no cloak)
rCorr   .            (no gloves)
SInv    .            l - +0 pair of boots
Will    .....        o - amulet of reflection
Stlth   +            (no ring)
HPRegen 0.27/turn    (no ring)
MPRegen 0.11/turn

%: reflection
@: about to teleport
A: sickness immunity, AC +4, negative energy resistance 1, electricity
resistance, torment resistance 1, petrification resistance
a: no special abilities


You were on level 5 of the Dungeon.
You visited 1 branch of the dungeon, and saw 5 of its levels.

You collected 228 gold pieces.


Innate Abilities, Weirdness & Mutations

You are immune to sickness and miasma.
Your stone body is resilient. (AC +4)
You are immune to poison.
You resist negative energy. (rN+)
You are resistant to electric shocks. (rElec)
You are resistant to unholy torment.
You are immune to petrification.


   Skills:
 - Level 4.2 Fighting
 - Level 12.1 Ranged Weapons
 + Level 1.4 Armour
 - Level 1.5 Dodging
 - Level 1.0 Spellcasting
 - Level 2.6 Hexes


You had 7 spell levels left.
You knew the following spells:

 Your Spells              Type           Power      Damage    Failure   Level
a - Slow                  Hex            32%        N/A       21%         1

Your spell library contained the following spells:

 Spells                   Type           Power      Damage    Failure   Level
 Inner Flame              Hex/Fire       4%         N/A       71%         3
 Portal Projectile        Hex/Tloc       8%         N/A       71%         3
 Cause Fear               Hex            4%         N/A       90%         4

Inventory:

Hand Weapons
 Y - a +2 sling (weapon)
Armour
 c - a +0 ring mail (worn)
 l - a +0 pair of boots (worn)
Jewellery
 b - a ring of ice
 j - a ring of ice
 o - an amulet of reflection (around neck)
Scrolls
 e - a scroll of amnesia {unknown}
 f - a scroll of immolation {unknown}
 g - 4 scrolls of teleportation
 k - a scroll of identify
Potions
 a - a potion of resistance
 d - a potion of might
 h - 2 potions of heal wounds
 i - a potion of lignification {unknown}
 n - a potion of enlightenment {unknown}
 p - 3 potions of curing
 q - 3 potions of brilliance {unknown}

Dungeon Overview and Level Annotations

Branches:
Dungeon (5/15)
 Temple: D:4-7

Altars:
Gozag
Nemelex Xobeh
Wu Jian

Annotations:
D:5 3 runed translucent doors, Edmund; qw's ghost, novice GrFi


Message History

You block the iguana's attack.
Edmund hits you with a +4 dire flail of draining!
A scorpion comes into view.
You shoot a sling bullet. The sling bullet hits Edmund.
Edmund is lightly wounded.
The iguana bites you but does no damage.
Edmund hits you with a +4 dire flail of draining.
You shoot a sling bullet.
The sling bullet hits Edmund but does no damage.
Edmund is lightly wounded.
You block Edmund's attack.
The iguana bites you but does no damage.
You shoot a sling bullet. The sling bullet closely misses Edmund.
The sling bullet hits the iguana.
The iguana is lightly wounded.
The iguana bites you! Edmund hits you but does no damage.
You shoot a sling bullet.
The sling bullet hits Edmund but does no damage.
Edmund is lightly wounded.
The iguana completely misses you. You block Edmund's attack.
You shoot a sling bullet. The sling bullet barely misses Edmund.
The sling bullet hits the iguana but does no damage.
The iguana is lightly wounded.
The iguana bites you but does no damage.
Edmund hits you with a +4 dire flail of draining.
You shoot a sling bullet.
The sling bullet hits Edmund but does no damage.
Edmund is lightly wounded.
The iguana closely misses you.
Edmund hits you with a +4 dire flail of draining.
You shoot a sling bullet. The sling bullet hits Edmund.
Edmund is lightly wounded.
The iguana barely misses you.
Edmund hits you with a +4 dire flail of draining!
3157 ||| READING 5 scrolls of teleportation.
As you read the scroll of teleportation, it crumbles to dust.
You feel strangely unstable.
Edmund hits you with a +4 dire flail of draining.
The iguana bites you!
You die...

#.....#
#..>.........
#.#####
###.......###
#.#
#.#####....
#.# #.# #####
#.# #.#
#########.#
#.#
......../.#
.########.####
#..l@# ####@#
.l.. #.###..
.. ..? .#. #.
.#. # ## ##
...


You could see Edmund and 2 iguanas.

Vanquished Creatures
  An ice beast (D:5)
  A scorpion (D:4)
  An orc priest (D:4)
  A jelly (D:4)
  2 sleepcaps (D:5)
  4 gnolls (D:5)
  5 adders
  A worm (D:2)
  7 dart slugs
  8 orcs
  4 endoplasms
  4 giant cockroaches
  11 goblins
  5 hobgoblins
  6 jackals
  3 quokkas
  5 ball pythons
  5 bats
  2 frilled lizards
  5 kobolds
  2 rats
83 creatures vanquished.

Notes
Turn   | Place    | Note
-------+----------+-------------------------------------------
     0 | D:1      | qw the Gargoyle Hexslinger began the quest for the Orb.
     0 | D:1      | Reached XP level 1. HP: 12/12 MP: 2/2
     0 | D:1      | 0 ||| qw: Version: 0.3-a-51-g015441d
     0 | D:1      | 0 ||| qw: Game counter: 3796
     0 | D:1      | 0 ||| qw: Melee chars always use a shield: true
     0 | D:1      | 0 ||| qw: God list: Okawaru
     0 | D:1      | 0 ||| qw: Allow faded altars: false
     0 | D:1      | 0 ||| qw: Do Orc after clearing Dungeon:15 true
     0 | D:1      | 0 ||| qw: Do second Lair branch before Depths: true
     0 | D:1      | 0 ||| qw: Lair rune preference: random
     0 | D:1      | 0 ||| qw: Goals: Normal
     0 | D:1      | 0 ||| PLANNING D:1-11
    67 | D:1      | Reached XP level 2. HP: 14/16 MP: 3/3
    78 | D:1      | 78 ||| Stepping ~*~*~tactically~*~*~ (outnumbered).
    83 | D:1      | Reached skill level 3 in Ranged Weapons
   310 | D:1      | Reached XP level 3. HP: 21/21 MP: 4/4
   590 | D:1      | 590 ||| UPGRADING to amulet of reflection.
   595 | D:1      | 595 ||| READING scroll labelled ERUKHER JUCZO.
   596 | D:1      | 596 ||| READING scroll labelled VIGOEL YLIRI.
   597 | D:1      | 597 ||| READING 2 scrolls labelled GIKOSU NEDEUF.
   602 | D:1      | 602 ||| READING 2 scrolls labelled NIPOSHITWA.
   603 | D:1      | 603 ||| READING scroll labelled TUFUGG NISOU.
   604 | D:1      | 604 ||| READING scroll labelled IWO VOSKOCOSA.
   705 | D:1      | 705 ||| DRINKING 2 blue potions.
   706 | D:1      | 706 ||| DROPPING scroll of poison.
   707 | D:1      | 707 ||| DROPPING potion of invisibility.
  1005 | D:2      | Reached XP level 4. HP: 26/26 MP: 5/5
  1018 | D:2      | Reached skill level 4 in Ranged Weapons
  1460 | D:2      | 1460 ||| UPGRADING to +0 leather armour.
  1470 | D:2      | 1470 ||| DROPPING +0 robe.
  1471 | D:2      | 1471 ||| UPGRADING to +0 pair of boots.
  1476 | D:2      | 1476 ||| READING scroll labelled JONAAFOKEG.
  1477 | D:2      | 1477 ||| READING 4 scrolls of identify.
  1477 | D:2      | 1477 ||| IDENTIFYING brown potion
  1478 | D:2      | 1478 ||| READING 3 scrolls of identify.
  1478 | D:2      | 1478 ||| IDENTIFYING glowing purple potion
  1479 | D:2      | 1479 ||| READING 2 scrolls of identify.
  1479 | D:2      | 1479 ||| IDENTIFYING fuming green potion
  1480 | D:2      | 1480 ||| DRINKING potion of experience.
  1480 | D:2      | Reached skill level 12 in Ranged Weapons
  1480 | D:2      | Reached XP level 5. HP: 30/30 MP: 6/6
  1481 | D:2      | 1481 ||| DROPPING potion of degeneration.
  1924 | D:3      | 1924 ||| UPGRADING to +0 ring mail.
  1934 | D:3      | 1934 ||| DROPPING +0 leather armour.
  1935 | D:3      | 1935 ||| READING scroll labelled ITZEGIJ TUDGH.
  1936 | D:3      | 1936 ||| READING scroll labelled MAROIT PUDIADGHU.
  1937 | D:3      | 1937 ||| DRINKING 2 fizzy pink potions.
  1938 | D:3      | 1938 ||| DRINKING 2 grey potions.
  1939 | D:3      | 1939 ||| DRINKING 3 black potions.
  1940 | D:3      | 1940 ||| DROPPING potion of attraction.
  2035 | D:4      | Reached skill level 1 in Armour
  2087 | D:4      | Reached XP level 6. HP: 33/36 MP: 7/7
  2147 | D:4      | Reached skill level 3 in Fighting
  2288 | D:4      | Found a sparkling altar of Nemelex Xobeh.
  2598 | D:4      | 2598 ||| READING 3 scrolls of identify.
  2598 | D:4      | 2598 ||| IDENTIFYING lumpy emerald potion
  2599 | D:4      | 2599 ||| READING 2 scrolls of identify.
  2599 | D:4      | 2599 ||| IDENTIFYING murky dark potion
  2600 | D:4      | 2600 ||| DROPPING potion of berserk rage.
  2614 | D:5      | Entered Level 5 of the Dungeon
  2624 | D:5      | Found a runed translucent gate.
  2625 | D:5      | Found a runed translucent gate.
  2625 | D:5      | Found a runed translucent gate.
  2626 | D:5      | Found an opulent altar of Gozag.
  2627 | D:5      | Noticed qw's ghost (novice GrFi)
  2829 | D:5      | Noticed an ice beast
  2830 | D:5      | 2830 ||| FLEEEEING.
  3008 | D:5      | Killed an ice beast
  3009 | D:5      | Reached XP level 7. HP: 25/43 MP: 8/8
  3083 | D:5      | Found an ornate altar of the Wu Jian Council.
  3142 | D:5      | Noticed Edmund
  3156 | D:5      | HP: 9/43 [Edmund/+4 dire flail of draining (10)]
  3157 | D:5      | 3157 ||| READING 5 scrolls of teleportation.
  3157 | D:5      | Slain by an iguana

Levels and vault maps discovered:
D:1:      dpeg_arrival_court, layout_rooms, serial_rivers,
          chequers_serial_rivers_marsh, chequers_serial_rivers_large_b,
          chequers_serial_rivers_room_a, chequers_serial_rivers_marsh,
          minmay_domino_4
D:2:      layout_loops_ring
D:3:      layout_rooms
D:4:      layout_loops_ring, nemelex_spade_bored_becter
D:5:      layout_loops_ring, lemuel_coloured_pillars_altar, ebering_ghost_gozag,
          minmay_bent, uniq_edmund

Skill      XL: |  1  2  3  4  5  6 |
---------------+-------------------+-----
Ranged Weapons | 3 12 | 12.1
Fighting       | 2 4 |  4.2
Armour         | 1 |  1.4
Dodging        | |  1.5
Spellcasting   | |  1.0
Hexes          | |  2.6

Action                     |  1- 3 |  4- 6 |  7- 9 || total
---------------------------+-------+-------+-------++-------
   Fire: Sling             |   113 |   224 |    18 ||   355
    Use: Scroll            |     6 |     8 |     1 ||    15
         Potion            |     1 |     4 |       ||     5
 Armour: Robe              |    17 |     4 |       ||    21
         Ring mail         |       |    30 |     7 ||    37
         Leather armour    |       |     7 |       ||     7
  Dodge: Dodged            |    29 |    44 |     5 ||    78
  Block: Other             |     4 |    19 |     3 ||    26

Table legend:
 A = Non-vault XP
 B = Vault XP
 C = Vault XP percentage of total XP
 D = Non-vault monster count
 E = Vault monster count
 F = Vault count percentage of total count
                 A         B        C        D         E       F
            +---------+---------+-------+---------+---------+-------
      Total |     602 |      41 |   6.4 |      78 |       5 |   6.0
            +---------+---------+-------+---------+---------+-------
        D:1 |      39 |       5 |  11.4 |      19 |       4 |  17.4
        D:2 |      58 |       0 |   0.0 |      17 |       0 |   0.0
        D:3 |      40 |       0 |   0.0 |      19 |       0 |   0.0
        D:4 |     218 |       0 |   0.0 |      14 |       0 |   0.0
        D:5 |     247 |      36 |  12.7 |       9 |       1 |  10.0
            +---------+---------+-------+---------+---------+-------
